 Dungeon Crawl Stone Soup version 0.28.0 (webtiles) character file.

Game seed: 9329217322415096047

19322 diecastcamel the Fighter (level 12, 0/162 HPs)
             Began as a Minotaur Berserker on Feb 5, 2022.
             Was an Elder of Trog.
             Succumbed to a black mamba's poison
             ... on level 2 of the Lair of Beasts.
             The game lasted 01:04:22 (15034 turns).

diecastcamel the Fighter (Minotaur Berserker)      Turns: 15034, Time: 01:04:23

Health: 0/162      AC: 23    Str: 26    XL:     12   Next: 35%
Magic:  0/11       EV: 10    Int: 10    God:    Trog [****..]
Gold:   853        SH:  0    Dex: 11    Spells: 11/11 levels left

rFire   + . .      SeeInvis +   z - +6 mace of Moarhy {venom, +Blink rPois rF+ rN+}
rCold   . . .      Faith    .   (no shield)
rNeg    + + .      Spirit   .   B - +0 plate armour
rPois   .          Reflect  .   s - +2 hat of Follow the Leader {Contam rPois rN+ SInv}
rElec   .          Harm     .   A - +0 cloak
rCorr   .          Rampage  .   (no gloves)
Will    .....                   g - +0 pair of boots
Stlth   ..........              (no amulet)
HPRegen 0.37/turn               m - +4 ring of protection
MPRegen 0.12/turn               a - +6 ring of intelligence

@: berserking (expiring), lethally poisoned (0 -> -18), poison vulnerable, very
quick
A: horns 2, retaliatory headbutt
a: Renounce Religion, Evoke Blink, Berserk, Trog's Hand, Brothers in Arms


You were on level 2 of the Lair of Beasts.
You worshipped Trog.
Trog was greatly pleased with you.
You visited 4 branches of the dungeon, and saw 14 of its levels.

You collected 853 gold pieces.

Inventory:

Hand Weapons
 v - a +4 morningstar of freezing
 z - the +6 mace of Moarhy (weapon) {venom, +Blink rPois rF+ rN+}
   (You took it off an orc on level 5 of the Dungeon)

   It poisons the flesh of those it strikes.
   rF:        It protects you from fire.
   rPois:     It protects you from poison.
   rN:        It protects you from negative energy.
   +Blink:    It lets you blink.
Missiles
 b - 2 javelins
 i - 52 poisoned darts (quivered)
 p - 10 boomerangs
Armour
 g - a +0 pair of boots (worn)
 s - the +2 hat of Follow the Leader (worn) {Contam rPois rN+ SInv}
   (You acquired it on level 9 of the Dungeon)

   rPois:     It protects you from poison.
   rN:        It protects you from negative energy.
   SInv:      It lets you see invisible.
   Contam:    It causes magical contamination when unequipped.
 A - a +0 cloak (worn)
 B - a +0 plate armour (worn)
Jewellery
 a - a +6 ring of intelligence (right hand)
 m - a +4 ring of protection (left hand)
Wands
 l - a wand of digging (15)
 n - a wand of polymorph (7)
 q - a wand of paralysis (15)
 r - a wand of iceblast (10)
Scrolls
 j - 2 scrolls of fog
 k - 2 scrolls of teleportation
 o - a scroll of torment {unknown}
 u - 2 scrolls of fear
 x - 2 scrolls of holy word
 y - 2 scrolls of magic mapping
Potions
 c - 5 potions of heal wounds
 d - 4 potions of mutation
 e - a potion of lignification
 f - 4 potions of curing
 h - a potion of berserk rage
 t - 2 potions of flight
 w - a potion of invisibility
 E - 2 potions of magic


   Skills:
 - Level 10.9 Fighting
 - Level 4.7(8.5) Axes
 - Level 10.9(11.3) Maces & Flails
 - Level 10.6 Armour
 - Level 9.7 Dodging
 + Level 10.0 Evocations


You had 11 spell levels left.
You didn't know any spells.
Your spell library was empty.

Dungeon Overview and Level Annotations

Branches:
Dungeon (10/15)            Temple (0/1) D:5            Lair (2/6) D:10
 Shoals (1/4) Lair:2        Snake (1/4) Lair:2
    Orc: D:9-12

Altars:
Wu Jian

Shops:
D:6 (   D:9 [


Innate Abilities, Weirdness & Mutations

You have a pair of horns on your head.
You reflexively headbutt those who attack you in melee.


Message History

You are too berserk!
You barely miss the anaconda. Your headbutt misses the anaconda.
The anaconda is severely wounded.
You feel very sick. The anaconda bites you! The anaconda constricts you.
The black mamba bites you but does no damage.
The black mamba completely misses you. You furiously retaliate!
You headbutt the black mamba!! You thump the anaconda!
The anaconda looks as sick as possible!
The anaconda is severely wounded.
You feel very sick. The black mamba bites you!
* * * LOW HITPOINT WARNING * * *
The mana viper bites you but does no damage.
The black mamba bites you but does no damage.
The anaconda bites you.
* * * LOW HITPOINT WARNING * * *
The anaconda constricts you. The black mamba bites you!
* * * LOW HITPOINT WARNING * * *
You are too berserk!
You bludgeon the anaconda!!
You kill the anaconda!
Trog accepts your kill.
* * * LOW HITPOINT WARNING * * *
You feel very sick. The black mamba misses you. You furiously retaliate!
You headbutt the black mamba!!
The mana viper bites you but does no damage.
The black mamba bites you!
* * * LOW HITPOINT WARNING * * *
Your Evocations skill increases to level 10!
* * * LOW HITPOINT WARNING * * *
You feel very sick.
The black mamba bites you but does no damage.
The mana viper bites you.
* * * LOW HITPOINT WARNING * * *
The black mamba bites you but does no damage.
You climb upwards.
Welcome back to the Lair of Beasts!
You feel a strong urge to attack something.
You die...

........##.###.........
...####.....##.........#
...#≈##.......#.......#
...#.≈≈≈≈≈P.#........#
....≈≈≈≈≈≈≈..........###
.#.≈≈≈...≈≈≈...)#....##.
#.≈≈≈≈....≈≈≈..###...##P
..≈≈..SSS.≈≈≈..##....###
..≈≈...@...≈≈..###...# #
#.≈≈P..NS≈≈≈≈...#....# #
.≈≈≈≈≈P..≈≈≈≈..###...###
...≈≈≈.P.≈≈≈...##.....#.
....≈≈≈≈≈≈≈.....##...##.
.....≈≈≈≈≈.....##P...###
#.##P#######...##....# #
## ## ... #....# #
##...###


You could see a naga ritualist, a mana viper and 3 black mambas.

Vanquished Creatures
  Erolcha (D:10)
  An anaconda (Snake:1)
  3 two-headed ogres
  A fire crab (shapeshifter) (D:9)
  An ugly thing (D:9)
  3 black mambas
  Joseph (D:9)
  3 cane toads
  2 komodo dragons
  A tengu conjurer (D:9)
  3 trolls
  A hornet (D:9)
  A polar bear (Lair:2)
  A wind drake (shapeshifter) (D:9)
  Grinder (D:5)
  2 wraiths
  A vampire (D:9)
  3 wyverns
  25 yaks
  2 basilisks (Lair:1)
  An acid dragon (D:10)
  2 nagas (Lair:2)
  12 water moccasins
  4 black bears
  5 orc warriors
  3 sky beasts
  5 wolves (D:10)
  2 necrophages
  3 ogres
  6 centaurs
  5 kobold brigands
  4 bullfrogs
  2 gnoll sergeants
  A wyvern zombie (D:9)
  2 scorpions
  A water moccasin skeleton (D:5)
  5 killer bees (D:8)
  A howler monkey (D:4)
  2 wights (D:9)
  5 electric eels (D:10)
  2 centaur zombies (D:9)
  7 hounds
  2 orc priests
  Crazy Yiuf (D:5)
  Ijyb (D:4)
  12 orc wizards
  A hound skeleton (D:5)
  Robin (D:3)
  A howler monkey zombie (D:9)
  4 gnolls
  3 adders
  A white imp (D:8)
  2 dart slugs
  31 orcs
  4 ball pythons
  7 bats
  7 endoplasms
  2 giant cockroaches (D:3)
  8 goblins
  8 hobgoblins
  30 kobolds
  2 quokkas
  4 rats
269 creatures vanquished.

Vanquished Creatures (others)
  8 fungi
  12 plants
20 creatures vanquished.

Grand Total: 289 creatures vanquished

Notes
Turn   | Place    | Note
-------+----------+-------------------------------------------
     0 | D:1      | diecastcamel the Minotaur Berserker began the quest for the
                  | Orb.
     0 | D:1      | Reached XP level 1. HP: 19/19 MP: 0/0
   306 | D:1      | Found a faded altar of an unknown god.
   358 | D:1      | Reached XP level 2. HP: 27/27 MP: 1/1
  1509 | D:2      | Reached XP level 3. HP: 33/33 MP: 2/2
  2062 | D:3      | Found an ornate altar of the Wu Jian Council.
  2102 | D:3      | Reached ** piety under Trog
  2410 | D:3      | Noticed Robin
  2425 | D:3      | Killed Robin
  2429 | D:3      | Reached XP level 4. HP: 40/40 MP: 3/3
  3097 | D:4      | Noticed Ijyb
  3113 | D:4      | Killed Ijyb
  3114 | D:4      | Reached XP level 5. HP: 47/47 MP: 1/4
  3608 | D:4      | Reached skill level 1 in Evocations
  3618 | D:4      | Reached skill level 5 in Fighting
  3627 | D:4      | Reached XP level 6. HP: 53/56 MP: 5/5
  4013 | D:5      | Entered Level 5 of the Dungeon
  4122 | D:5      | Noticed a sky beast
  4133 | D:5      | Killed a sky beast
  4251 | D:5      | Noticed Grinder
  4267 | D:5      | Paralysed by Grinder for 4 turns
  4271 | D:5      | Killed Grinder
  4272 | D:5      | Reached XP level 7. HP: 11/61 MP: 6/6
  4633 | D:5      | Reached skill level 5 in Evocations
  4846 | D:5      | Identified the +6 mace of Moarhy {venom, +Blink rPois rF+
                  | rN+}
  5265 | D:5      | Found a runed translucent door.
  5266 | D:5      | Noticed Crazy Yiuf
  5316 | D:5      | Killed Crazy Yiuf
  5317 | D:5      | Reached skill level 1 in Maces & Flails
  5404 | D:5      | Found a staircase to the Ecumenical Temple.
  5768 | D:6      | Found Siogoiph's Antique Weapon Shoppe.
  5782 | D:6      | Reached XP level 8. HP: 69/69 MP: 7/7
  5807 | D:6      | Reached skill level 5 in Maces & Flails
  6965 | D:7      | Reached skill level 5 in Armour
  7018 | D:7      | Reached *** piety under Trog
  7141 | D:7      | You fall into a shaft and drop 3 floors!
  7141 | D:10     | Entered Level 10 of the Dungeon
  7148 | D:10     | Reached skill level 5 in Dodging
  7158 | D:10     | Reached XP level 9. HP: 50/78 MP: 8/8
  7534 | D:9      | Noticed a brown ugly thing
  7935 | D:8      | Noticed a troll
  7952 | D:8      | Killed a troll
  8516 | D:8      | Reached **** piety under Trog
  8770 | D:8      | Reached XP level 10. HP: 90/90 MP: 9/9
  9847 | D:9      | Noticed Joseph
  9857 | D:9      | Killed Joseph
 10261 | D:9      | Noticed a fire crab
 10279 | D:9      | Killed a fire crab
 10462 | D:9      | Identified the +7 arbalest of the Living Dead {venom, rElec
                  | rF+ rC+}
 10497 | D:9      | Killed a brown ugly thing
 10502 | D:9      | Noticed a two-headed ogre
 10515 | D:9      | Killed a two-headed ogre
 10516 | D:9      | Reached skill level 10 in Fighting
 10516 | D:9      | Reached skill level 10 in Maces & Flails
 10516 | D:9      | Reached XP level 11. HP: 91/99 MP: 10/10
 11098 | D:9      | Found Ruwo's Antique Armour Shoppe.
 11425 | D:9      | Identified a scroll of acquirement
 11425 | D:9      | Acquired the +2 hat of Follow the Leader {Contam rPois rN+
                  | SInv}
 11438 | D:10     | Noticed Erolcha
 11445 | D:10     | Killed Erolcha
 11446 | D:10     | Reached skill level 10 in Armour
 11523 | D:10     | Noticed a two-headed ogre
 11528 | D:10     | Killed a two-headed ogre
 11599 | D:10     | Noticed a two-headed ogre
 11611 | D:10     | Killed a two-headed ogre
 11853 | D:10     | Found a staircase to the Lair.
 12961 | Lair:1   | Entered Level 1 of the Lair of Beasts
 13762 | Lair:1   | Reached XP level 12. HP: 87/108 MP: 11/11
 14273 | Lair:2   | Found a staircase to the Shoals.
 14282 | Shoals:1 | Entered Level 1 of the Shoals
 15013 | Lair:2   | Found a staircase to the Snake Pit.
 15022 | Snake:1  | Entered Level 1 of the Snake Pit
 15022 | Snake:1  | Noticed an anaconda
 15032 | Snake:1  | Killed an anaconda
 15033 | Snake:1  | Reached skill level 10 in Evocations
 15033 | Snake:1  | HP: 5/162 [mana viper (5)]
 15034 | Lair:2   | Succumbed to a black mamba's poison

Illustrated notes

Levels and vault maps discovered:
D:1:      minmay_arrival_jagged, layout_basic, basic_ecumenical_altar,
          serial_park_tiny_1
D:2:      layout_basic, minivault_5, chequers_serial_rivers_room_b,
          minmay_quantized
D:3:      layout_basic, lemuel_coloured_pillars_altar, uniq_robin
D:4:      layout_basic, uniq_ijyb
D:5:      minmay_inner_zag, layout_basic, minmay_temple_entry_mini_moons,
          uniq_crazy_yiuf_cottage, uniq_grinder
D:6:      layout_loops_ring, serial_shops, shop
D:7:      layout_cave_pools
D:8:      layout_basic, st_stairs_3, kennysheep_generic_room_4
D:9:      cheibrodos_ideogram_h, layout_loops_ring, serial_shops, shop,
          chequers_serial_rivers_micro_d, uniq_joseph
D:10:     layout_roguey, erik_lair_island, serial_bayou_ford_a, feat_on_display,
          uniq_erolcha
Lair:1:   layout_roguey, serial_rivers, chequers_serial_rivers_micro_d,
          chequers_serial_rivers_large_a, chequers_serial_rivers_micro_b,
          chequers_serial_rivers_room_b, grunt_megastairs_2
Lair:2:   layout_cellular_growth, shoals_dummy_entry,
          guppyfry_snake_entry_island
Shoals:1: layout_shoals, uniq_louise, uniq_roxanne
Snake:1:  layout_misc_corridors, grunt_ministairs_7, minmay_shop_grove,
          serial_bayou_shore_a, grunt_megastairs_3

Skill      XL: |  1  2  3  4  5  6  7  8  9 10 11 12 |
---------------+-------------------------------------+-----
Axes           | 4 |  4.7
Fighting       | 4 5 6 8 10 | 10.9
Armour         | 3 4 5 7 9 10 | 10.6
Dodging        | 3 4 5 7 8 9 |  9.7
Evocations     | 1 4 5 8 10 | 10.0
Maces & Flails | 4 7 8 10 | 10.9

Action                   |  1- 3 |  4- 6 |  7- 9 | 10-12 || total
-------------------------+-------+-------+-------+-------++-------
Melee: Hand axe          |    94 |    26 |       |       ||   120
       Headbutt          |    12 |    12 |    44 |   109 ||   177
       Punch             |     1 |     1 |     3 |     5 ||    10
       Spear             |       |    21 |       |       ||    21
       Trident           |       |    50 |    22 |       ||    72
       Mace              |       |       |   202 |   445 ||   647
Throw: Dart              |       |     2 |     2 |       ||     4
Invok: Berserk           |     1 |     2 |       |     3 ||     6
       Trog's Hand       |       |     1 |     3 |     4 ||     8
 Abil: Evoke Blink       |       |       |     2 |       ||     2
Evoke: Wand              |       |       |     1 |     1 ||     2
  Use: Scroll            |     4 |     3 |     9 |     6 ||    22
       Potion            |       |       |     3 |       ||     3
Armor: Animal skin       |     1 |       |       |       ||     1
       Ring mail         |    25 |    11 |       |       ||    36
       Leather armour    |     2 |       |       |       ||     2
       Scale mail        |       |    27 |     7 |       ||    34
       Plate armour      |       |       |   159 |   254 ||   413
Dodge: Dodged            |    49 |    35 |   116 |   175 ||   375
